[Event "Irish Championship 2026"]
[Site "Talbot Hotel Stillorgan, Co.Dublin, IE"]
[Date "2026.08.04"]
[Round "4"]
[White "Hushpit, Lukian"]
[Black "Hughes, Padraig"]
[Result "1-0"]
[Board "71"]
[TimeControl "40/5400+30:1800+30"]
[WhiteFideId "14189208"]
[BlackFideId "2505690"]
[WhiteElo "2088"]
[BlackElo "2022"]
[WhiteClock "0:17:26"]
[BlackClock "0:09:59"]
[Variant "Standard"]
[EndDate "2026.08.04"]
[EndTime "18:29:28"]

1. e4 e6 2. d4 d5 3. Nd2 c5 4. Ngf3 cxd4 5. exd5 Qxd5 6. Bc4 Qd7 7. O-O Nc6 8. Nb3 a6 9. a4 Nge7 10. Nfxd4 Nxd4 11. Nxd4 Ng6 12. Be3 Qc7 13. Be2 Bd6 14. h3 O-O 15. Bf3 Rd8 16. Qe2 e5 17. Nb3 Be6 18. Nd2 f5 19. Bg5 Rdc8 20. g4 h6 21. gxf5 Bxf5 22. Bd5+ Kh7 23. c3 Qd7 24. Ne4 Bxh3 25. Rfe1 Be7 26. Bb3 Rf8 27. Bxe7 Qxe7 28. Qe3 Bg4 29. Qg3 Rf4 30. Bc2 Raf8 31. Re3 Bf3 32. Nd2 Rg4 33. Rxf3 Rxg3+ 34. Rxg3 Kh8 35. Bxg6 Qd6 36. Ne4 Qb6 37. b4 Rf4 38. Rd1 Rf8 39. Rd6 Qc7 40. Rgd3 Qe7 41. Rg3 Rf4 42. Rd5 Rf8 43. a5 Qe6 44. Rd6 Qe7 45. c4 Qh4 46. c5 Rf4 47. c6 Rxe4 48. Bxe4 Qxe4 49. c7 Qe1+ 50. Kg2 Qe4+ 51. Kh2 Qc2 52. Rd8+ Kh7 53. c8=Q Qxf2+ 54. Rg2 Qf4+ 55. Kg1 1-0

[Event "Irish Championship 2026"]
[Site "Talbot Hotel Stillorgan, Co.Dublin, IE"]
[Date "2026.08.04"]
[Round "4"]
[White "Rai, Oleksii"]
[Black "Daly, Colm"]
[Result "1/2-1/2"]
[Board "72"]
[TimeControl "40/5400+30:1800+30"]
[WhiteFideId "2531526"]
[BlackFideId "2500434"]
[WhiteElo "1840"]
[BlackElo "2182"]
[BlackTitle "FM"]
[WhiteClock "0:02:01"]
[BlackClock "0:13:50"]
[Variant "Standard"]
[EndDate "2026.08.04"]
[EndTime "19:21:47"]

1. e4 c5 2. Nf3 d6 3. d4 cxd4 4. Nxd4 Nf6 5. Nc3 Nc6 6. f3 h5 7. Be3 Bd7 8. Qd2 a6 9. O-O-O e6 10. Kb1 Be7 11. h4 Rc8 12. Bd3 b5 13. Nce2 Ne5 14. Rdg1 d5 15. Bf4 Bd6 16. Bg5 dxe4 17. fxe4 Be7 18. Nf3 Nfg4 19. Bxe7 Qxe7 20. Nxe5 Nxe5 21. Nd4 g6 22. Nf3 Qc5 23. Nxe5 Qxe5 24. Rf1 Bc6 25. Qf4 Qxf4 26. Rxf4 Ke7 27. Re1 e5 28. Rf2 Rhf8 29. a4 Rcd8 30. axb5 axb5 31. b3 Rd4 32. g3 b4 33. Kb2 Rfd8 34. Ref1 Rf8 35. Re2 Ra8 36. Ref2 Rf8 37. Re2 f6 38. Ra1 Ra8 39. Rxa8 Bxa8 40. Re3 Kd6 41. c3 bxc3+ 42. Kxc3 Kc5 43. Re1 Bc6 44. Re3 Bb7 45. Re1 Rb4 46. Bc4 Bc6 47. Re3 Rb7 48. Re1 Kd6 49. Rd1+ Ke7 50. Re1 Ra7 51. Kb2 Ra8 52. b4 g5 53. hxg5 fxg5 54. Rh1 Rh8 55. Bd3 h4 56. gxh4 gxh4 57. Kc3 h3 58. Rh2 Bd7 59. b5 Kd6 60. Kb4 Rf8 61. b6 Rf3 62. Bb5 Bc8 63. Rd2+ Ke7 64. b7 Bxb7 65. Rd7+ Kf6 66. Rxb7 Re3 67. Bc6 Kg6 68. Rb8 Kg7 69. Kc4 h2 70. Rb1 Kf6 71. Kc5 Rc3+ 72. Kd6 Kg5 73. Rh1 Rc2 74. Kxe5 Rxc6 75. Rxh2 Kg6 76. Rf2 Ra6 77. Rd2 Kf7 78. Rd7+ Ke8 79. Rd6 Ra4 80. Rb6 Ke7 81. Rb7+ Ke8 82. Kf5 Ra6 83. e5 Rc6 84. Rb4 Ra6 85. Rg4 Kf7 86. Rh4 Ra1 87. Rh7+ Kg8 88. Rd7 Kf8 89. Ke6 Ke8 90. Rd6 Rh1 91. Rd5 Rh6+ 92. Kf5 Rh5+ 93. Kg6 Rh1 94. Rd4 Ke7 95. Kf5 1/2-1/2

[Event "Irish Championship 2026"]
[Site "Talbot Hotel Stillorgan, Co.Dublin, IE"]
[Date "2026.08.04"]
[Round "4"]
[White "Freeman, Gordon"]
[Black "O'Connell, Gerard"]
[Result "1-0"]
[Board "73"]
[TimeControl "40/5400+30:1800+30"]
[WhiteFideId "2501309"]
[BlackFideId "2500493"]
[WhiteElo "2068"]
[BlackElo "1996"]
[WhiteTitle "FM"]
[WhiteClock "0:01:31"]
[BlackClock "0:03:34"]
[Variant "Standard"]
[EndDate "2026.08.04"]
[EndTime "17:32:41"]

1. d4 Nf6 2. Nf3 g6 3. Bg5 Bg7 4. Nbd2 d5 5. e3 Nbd7 6. Bd3 O-O 7. O-O c5 8. c3 Qb6 9. Rb1 e5 10. Nxe5 Nxe5 11. dxe5 Ng4 12. c4 Nxe5 13. cxd5 Nxd3 14. Nc4 Qb4 15. Qxd3 b5 16. Nd2 c4 17. Qc2 f5 18. Nf3 Bb7 19. Rfd1 h6 20. Bf4 Rfe8 21. Rd2 Rad8 22. Rbd1 Qc5 23. d6 Be4 24. Qc1 Rd7 25. Nd4 Qb6 26. b3 g5 27. bxc4 gxf4 28. c5 Qa5 29. c6 Rxd6 30. Nb3 Rxc6 31. Qxc6 Bxc6 32. Nxa5 fxe3 33. fxe3 Bc3 34. Nxc6 Bxd2 35. Rxd2 1-0

[Event "Irish Championship 2026"]
[Site "Talbot Hotel Stillorgan, Co.Dublin, IE"]
[Date "2026.08.04"]
[Round "4"]
[White "Bartczak, Korneliusz"]
[Black "Ryan, Joshua"]
[Result "1-0"]
[Board "74"]
[TimeControl "40/5400+30:1800+30"]
[WhiteFideId "2523558"]
[BlackFideId "2516705"]
[WhiteElo "2062"]
[BlackElo "1866"]
[WhiteClock "0:01:00"]
[BlackClock "0:40:07"]
[Variant "Standard"]
[EndDate "2026.08.04"]
[EndTime "16:53:51"]

1. e4 e5 2. Nf3 Nc6 3. Bc4 Nf6 4. d3 Bc5 5. c3 d6 6. O-O O-O 7. h3 h6 8. Nbd2 a5 9. Re1 Be6 10. Bb5 Qb8 11. Nf1 Qa7 12. Be3 Bxe3 13. Nxe3 a4 14. Qc2 Rfb8 15. Re2 Ne7 16. d4 Ng6 17. Bc4 Qa5 18. Bxe6 fxe6 19. dxe5 dxe5 20. Rd1 Rf8 21. g3 Nh5 22. Nh2 Rf7 23. Nhg4 Qc5 24. Qd3 Qe7 25. Red2 Raf8 26. Qd7 Qg5 27. Qxe6 Nhf4 28. gxf4 Nxf4 29. Qxe5 Qh4 30. Nf5 Nxh3+ 31. Kh2 Nf4+ 32. Nxh4 1-0

[Event "Irish Championship 2026"]
[Site "Talbot Hotel Stillorgan, Co.Dublin, IE"]
[Date "2026.08.04"]
[Round "4"]
[White "Conor O'reilly"]
[Black "Fox, Anthony"]
[Result "1-0"]
[Board "75"]
[TimeControl "40/5400+30:1800+30"]
[BlackFideId "2500736"]
[WhiteElo "2019"]
[BlackElo "1876"]
[WhiteClock "0:30:33"]
[BlackClock "0:18:34"]
[Variant "Standard"]
[EndDate "2026.08.04"]
[EndTime "18:09:01"]

1. e4 e5 2. Nf3 Nc6 3. Bb5 a6 4. Ba4 Nf6 5. d3 d6 6. c4 Bd7 7. Be3 Be7 8. h3 O-O 9. Nc3 h6 10. g4 Nh7 11. Nd5 Re8 12. Qd2 Nd4 13. Bxd4 Bxa4 14. Be3 Bd7 15. a4 c5 16. a5 Be6 17. Nb6 Rb8 18. Ke2 Ng5 19. Ne1 Nh7 20. Nf3 Ng5 21. Ne1 Nh7 22. Nc2 Bg5 23. b4 Nf8 24. bxc5 dxc5 25. Qc3 Bxe3 26. fxe3 Nd7 27. Rab1 Qh4 28. Qe1 Qe7 29. Qg3 Nxb6 30. Rxb6 Bd7 31. h4 Bc6 32. g5 h5 33. g6 fxg6 34. Qxg6 Qf7 35. Qxf7+ Kxf7 36. Rf1+ Kg8 37. Ne1 g6 38. Rg1 Re6 39. Nf3 Rbe8 40. Nd2 Kg7 41. Nb3 Rf6 42. Nxc5 Ref8 43. Rg2 R8f7 44. d4 exd4 45. exd4 Bxe4 46. Nxe4 Rxb6 47. axb6 Rf4 48. Nc5 Rxh4 49. Ke3 Rh1 50. Nxb7 h4 51. Kf2 h3 52. Rg1 Rh2+ 53. Kg3 Rb2 54. c5 1-0

[Event "Irish Championship 2026"]
[Site "Talbot Hotel Stillorgan, Co.Dublin, IE"]
[Date "2026.08.04"]
[Round "4"]
[White "Harding, Tim D"]
[Black "Voogt, Declan"]
[Result "1-0"]
[Board "76"]
[TimeControl "40/5400+30:1800+30"]
[WhiteFideId "2500256"]
[BlackFideId "2517388"]
[WhiteElo "2004"]
[BlackElo "1849"]
[WhiteTitle "CM"]
[WhiteClock "0:13:53"]
[BlackClock "0:35:06"]
[Variant "Standard"]
[EndDate "2026.08.04"]
[EndTime "16:53:52"]

1. c4 c5 2. Nf3 Nc6 3. Nc3 Nf6 4. g3 g6 5. Bg2 Bg7 6. O-O e5 7. a3 O-O 8. b4 cxb4 9. axb4 d6 10. Rb1 Nh5 11. d3 f5 12. Bg5 Qd7 13. Bd2 h6 14. e3 Kh7 15. Nh4 Bf6 16. Nf3 Qf7 17. Nd5 Bd8 18. Bc3 Be6 19. Nd2 f4 20. exf4 exf4 21. Be4 Bh3 22. Qxh5 Bxf1 23. Rxf1 Qe6 24. Qf3 Ne5 25. Bxe5 dxe5 26. gxf4 exf4 27. Kh1 Kg7 28. Rg1 g5 29. Nxf4 Qd6 30. Nh5+ Kh8 31. Qg3 Qe7 32. Qe3 Bc7 33. Ng3 Rae8 34. c5 Bf4 35. Qd4+ Be5 36. Qd5 Rxf2 37. Nc4 Qf6 38. Nxe5 Rxe5 39. Qxb7 h5 40. Qh7# 1-0

[Event "Irish Championship 2026"]
[Site "Talbot Hotel Stillorgan, Co.Dublin, IE"]
[Date "2026.08.04"]
[Round "4"]
[White "Thomas Boby, Aiden"]
[Black "Mulukutla, Ayaansh"]
[Result "0-1"]
[Board "77"]
[TimeControl "40/5400+30:1800+30"]
[WhiteFideId "2535688"]
[BlackFideId "33391998"]
[WhiteElo "1978"]
[BlackElo "1839"]
[WhiteClock "0:26:24"]
[BlackClock "0:11:07"]
[Variant "Standard"]
[EndDate "2026.08.04"]
[EndTime "17:19:42"]

1. e4 c6 2. d4 d5 3. exd5 cxd5 4. Bd3 Nc6 5. c3 Nf6 6. Bf4 Bg4 7. Qb3 Qd7 8. Nd2 e6 9. h3 Bh5 10. Ngf3 Bd6 11. Bxd6 Qxd6 12. O-O O-O 13. Rfe1 Qc7 14. Qc2 Rac8 15. Rac1 Bg6 16. Bxg6 hxg6 17. Qd3 Qb6 18. b4 Ne7 19. a3 Nf5 20. Ne5 Nd6 21. a4 Rc7 22. f3 Nd7 23. a5 Nxe5 24. Rxe5 Qb5 25. Qf1 Qxf1+ 26. Kxf1 Rfc8 27. Re3 Nb5 28. Nb3 b6 29. Ke1 Nxc3 30. Kd2 Na2 31. Rxc7 Rxc7 32. axb6 axb6 33. b5 Kf8 34. Re1 Nc3 35. Rc1 Nxb5 36. Rxc7 Nxc7 37. Kc3 Ke7 38. Kb4 Kd6 39. f4 f6 40. Nd2 e5 41. fxe5+ fxe5 42. dxe5+ Kxe5 43. Nf3+ Kf4 44. Kc3 Kg3 45. Kd4 Kxg2 46. Nh4+ Kxh3 47. Nxg6 Kg4 48. Ke5 b5 49. Kd6 b4 50. Kxc7 Kf5 51. Nh4+ Ke4 0-1

[Event "Irish Championship 2026"]
[Site "Talbot Hotel Stillorgan, Co.Dublin, IE"]
[Date "2026.08.04"]
[Round "4"]
[White "Fitzgerald, Niall"]
[Black "John P. A. Kennedy"]
[Result "0-1"]
[Board "78"]
[TimeControl "40/5400+30:1800+30"]
[WhiteFideId "2511185"]
[WhiteElo "1894"]
[BlackElo "2012"]
[WhiteClock "0:00:43"]
[BlackClock "0:38:37"]
[Variant "Standard"]
[EndDate "2026.08.04"]
[EndTime "16:54:03"]

1. e4 c5 2. Nf3 d6 3. d4 cxd4 4. Nxd4 Nf6 5. Nc3 a6 6. g3 e5 7. Nde2 Be7 8. Bg2 O-O 9. a4 Nc6 10. O-O Be6 11. Nd5 Bxd5 12. exd5 Nb8 13. h3 Nbd7 14. Be3 Rc8 15. a5 Ne8 16. Nc3 f5 17. f4 Bf6 18. Qd2 exf4 19. gxf4 Bxc3 20. bxc3 Nc5 21. Rfb1 Rf7 22. Bd4 Nf6 23. Rb6 Nce4 24. Qd3 Nxd5 25. Bxe4 Nxf4 26. Qf3 fxe4 27. Qg4 h5 28. Qd1 Qg5+ 29. Kf1 0-1

[Event "Irish Championship 2026"]
[Site "Talbot Hotel Stillorgan, Co.Dublin, IE"]
[Date "2026.08.04"]
[Round "4"]
[White "Andhurthi, Sreeyan"]
[Black "Burke, Kevin A."]
[Result "1-0"]
[Board "79"]
[TimeControl "40/5400+30:1800+30"]
[WhiteFideId "2523531"]
[BlackFideId "2501520"]
[WhiteElo "1950"]
[BlackElo "1896"]
[WhiteClock "0:08:24"]
[BlackClock "0:16:07"]
[Variant "Standard"]
[EndDate "2026.08.04"]
[EndTime "17:57:35"]

1. e4 e6 2. d4 d5 3. Bd3 Nf6 4. e5 Nfd7 5. Ne2 c5 6. c3 Nc6 7. a3 cxd4 8. cxd4 f6 9. f4 Be7 10. O-O Qb6 11. Kh1 O-O 12. Nbc3 Rf7 13. Na4 Qd8 14. b4 Nf8 15. Be3 b6 16. Rc1 Bd7 17. g4 fxe5 18. dxe5 Nxe5 19. fxe5 Rxf1+ 20. Qxf1 Bxa4 21. Qf3 Rc8 22. Rf1 Bc6 23. Nd4 Bd7 24. Bd2 Qe8 25. Qg3 Bd8 26. h4 Ng6 27. h5 Ne7 28. h6 g6 29. Ba6 Rc7 30. Bd3 Nc6 31. Nb5 Qe7 32. Nxc7 Bxc7 33. Bf4 g5 34. Bc1 Bxe5 35. Qf2 Bd4 36. Bxg5 Bxf2 37. Bxe7 Nxe7 38. Rxf2 Be8 39. Rf6 Bc6 40. Rxe6 Kf7 41. Rd6 Be8 42. Bxh7 Nc8 43. Rd8 Ne7 44. g5 1-0

[Event "Irish Championship 2026"]
[Site "Talbot Hotel Stillorgan, Co.Dublin, IE"]
[Date "2026.08.04"]
[Round "4"]
[White "Moull, Arthur"]
[Black "Braine, Harry"]
[Result "1-0"]
[Board "80"]
[TimeControl "40/5400+30:1800+30"]
[WhiteFideId "2517426"]
[BlackFideId "2518570"]
[WhiteElo "1876"]
[BlackElo "1948"]
[WhiteClock "0:16:36"]
[BlackClock "0:05:31"]
[Variant "Standard"]
[EndDate "2026.08.04"]
[EndTime "17:23:31"]

1. d4 Nf6 2. c4 e6 3. Nc3 Bb4 4. Qc2 d5 5. cxd5 exd5 6. Bg5 h6 7. Bh4 g5 8. Bg3 Ne4 9. e3 Qe7 10. Bd3 Nc6 11. a3 Bxc3+ 12. bxc3 Bf5 13. Ne2 O-O-O 14. h4 Bg6 15. h5 Bh7 16. Bh2 Rhe8 17. O-O Kb8 18. Rab1 Ka8 19. Rxb7 Kxb7 20. Qa4 Nb8 21. Rb1+ Ka8 22. Bb5 Qe6 23. Bxc7 Nd2 1-0

[Event "Irish Championship 2026"]
[Site "Talbot Hotel Stillorgan, Co.Dublin, IE"]
[Date "2026.08.04"]
[Round "4"]
[White "Nichenametla V, Advaith"]
[Black "Liu, Murray"]
[Result "1/2-1/2"]
[Board "81"]
[TimeControl "40/5400+30:1800+30"]
[WhiteFideId "2516896"]
[BlackFideId "2517191"]
[WhiteElo "1943"]
[BlackElo "1885"]
[WhiteClock "0:24:54"]
[BlackClock "0:10:27"]
[Variant "Standard"]
[EndDate "2026.08.04"]
[EndTime "16:53:55"]

1. e4 c5 2. Nf3 d6 3. d4 cxd4 4. Nxd4 Nf6 5. Nc3 g6 6. Be3 Bg7 7. f3 O-O 8. Qd2 Nc6 9. g4 Be6 10. O-O-O Qa5 11. Kb1 Ne5 12. h4 Nxf3 13. Qg2 Nxd4 14. Bxd4 Nxg4 15. Be2 h5 16. Nd5 Bxd5 17. exd5 Bxd4 18. Rxd4 Nf6 19. Rg1 Qc5 20. c3 a5 21. Bd3 1/2-1/2

[Event "Irish Championship 2026"]
[Site "Talbot Hotel Stillorgan, Co.Dublin, IE"]
[Date "2026.08.04"]
[Round "4"]
[White "Heron, Lorcan"]
[Black "Biswal, Saiansh"]
[Result "1-0"]
[Board "82"]
[TimeControl "40/5400+30:1800+30"]
[WhiteFideId "2529343"]
[BlackFideId "2518155"]
[WhiteElo "1926"]
[BlackElo "1824"]
[WhiteClock "1:02:33"]
[BlackClock "0:22:42"]
[Variant "Standard"]
[EndDate "2026.08.04"]
[EndTime "15:59:03"]

1. e4 c6 2. d4 d5 3. Nc3 dxe4 4. f3 e3 5. Bxe3 Nf6 6. Bc4 e6 7. Nge2 Nbd7 8. Qd2 Bd6 9. O-O-O b5 10. Bb3 Bb7 11. Bg5 Qc7 12. Kb1 h6 13. Bf4 Bxf4 14. Nxf4 a6 15. Rhe1 Nf8 16. Nd3 Qxh2 17. Ne5 N6d7 18. Rh1 Qg3 19. Rh3 Qg5 20. Qxg5 hxg5 21. Rxh8 O-O-O 22. Nxf7 Re8 23. Nd6+ 1-0

[Event "Irish Championship 2026"]
[Site "Talbot Hotel Stillorgan, Co.Dublin, IE"]
[Date "2026.08.04"]
[Round "4"]
[White "OBrien, James Joseph"]
[Black "Greenan, Darragh"]
[Result "1-0"]
[Board "83"]
[TimeControl "40/5400+30:1800+30"]
[WhiteFideId "2518813"]
[BlackFideId "2525607"]
[WhiteElo "1914"]
[BlackElo "1786"]
[WhiteClock "0:06:45"]
[BlackClock "0:21:11"]
[Variant "Standard"]
[EndDate "2026.08.04"]
[EndTime "17:59:59"]

1. e4 e6 2. d4 d5 3. Nc3 Nf6 4. e5 Nfd7 5. f4 c5 6. Nf3 Nc6 7. Be3 Be7 8. Qd2 a6 9. a3 b6 10. Ne2 Qc7 11. c3 b5 12. b4 cxb4 13. cxb4 a5 14. Nc3 axb4 15. Nxb5 Qa5 16. Kf2 bxa3 17. Qxa5 Rxa5 18. Bd2 Bb4 19. Bxb4 Nxb4 20. Rxa3 Rxa3 21. Nxa3 Ba6 22. Bxa6 Nxa6 23. Nb5 Ke7 24. Ra1 Ra8 25. Nd6 h6 26. g4 Nc7 27. Rxa8 Nxa8 28. h4 Nc7 29. h5 Ne8 30. Nxe8 Kxe8 31. f5 Ke7 32. Nh4 Nf8 33. Ke3 Nh7 34. Kf4 Ng5 35. Nf3 Nxf3 36. Kxf3 f6 37. Ke3 Kf7 38. Kd3 Ke7 39. Kc3 Kd7 40. Kb4 Ke7 41. Kc5 fxe5 42. dxe5 Kf7 43. fxe6+ Kxe6 44. Kd4 Ke7 45. Kxd5 Kd7 46. e6+ Ke7 47. Ke5 Ke8 48. Kd6 Kd8 49. e7+ Ke8 50. Ke6 g6 51. hxg6 h5 52. g7 1-0

[Event "Irish Championship 2026"]
[Site "Talbot Hotel Stillorgan, Co.Dublin, IE"]
[Date "2026.08.04"]
[Round "4"]
[White "Lorigan, Maxim"]
[Black "Field, Lila Quinn"]
[Result "1/2-1/2"]
[Board "84"]
[TimeControl "40/5400+30:1800+30"]
[WhiteFideId "2518198"]
[BlackFideId "30941334"]
[WhiteElo "1762"]
[BlackElo "1898"]
[WhiteClock "0:15:21"]
[BlackClock "0:09:50"]
[Variant "Standard"]
[EndDate "2026.08.04"]
[EndTime "19:28:11"]

1. d4 d5 2. c4 dxc4 3. Nf3 b5 4. e3 e6 5. a4 c6 6. axb5 cxb5 7. b3 Nf6 8. bxc4 bxc4 9. Bxc4 Bd6 10. O-O O-O 11. Bb2 Nc6 12. Nbd2 Rb8 13. Bc3 Qc7 14. e4 Bb4 15. Qc2 a5 16. e5 Bxc3 17. Qxc3 Nd7 18. Bd3 h6 19. Nb3 Ra8 20. Ra3 a4 21. Rxa4 Ra6 22. Ra5 Rxa5 23. Nxa5 Qxa5 24. Qxc6 Nb6 25. Qe4 g6 26. Nh4 Qa7 27. Qf4 Kg7 28. Qg3 Kg8 29. Rb1 Nd5 30. Bxg6 Qxd4 31. Be4+ Kh8 32. Bxd5 1/2-1/2

[Event "Irish Championship 2026"]
[Site "Talbot Hotel Stillorgan, Co.Dublin, IE"]
[Date "2026.08.04"]
[Round "4"]
[White "Singhal, Vivaan"]
[Black "Campbell, Andrew"]
[Result "1-0"]
[Board "85"]
[TimeControl "40/5400+30:1800+30"]
[WhiteFideId "2516721"]
[BlackFideId "2518392"]
[WhiteElo "1878"]
[BlackElo "1951"]
[WhiteClock "0:07:08"]
[BlackClock "0:23:50"]
[Variant "Standard"]
[EndDate "2026.08.04"]
[EndTime "17:22:38"]

1. d4 Nf6 2. Nf3 g6 3. c4 Bg7 4. e3 O-O 5. Be2 d6 6. Nc3 c5 7. d5 e6 8. e4 exd5 9. exd5 Re8 10. O-O a6 11. Bf4 Nh5 12. Bg5 Qb6 13. Qd2 Nf6 14. Rab1 Bf5 15. Bd3 Bxd3 16. Qxd3 h6 17. Bf4 Nh5 18. Be3 Qc7 19. a3 Nd7 20. Rfc1 g5 21. b4 b6 22. b5 a5 23. Qf5 Ne5 24. Nxe5 Rxe5 25. Qf3 Nf6 26. h4 g4 27. Qg3 Bf8 28. Bf4 Ree8 29. Re1 Qd7 30. Qd3 Kg7 31. Re2 Rxe2 32. Nxe2 Re8 33. Ng3 Ng8 34. Nh5+ Kh8 35. Qc3+ Kh7 36. Qd3+ 1-0

[Event "Irish Championship 2026"]
[Site "Talbot Hotel Stillorgan, Co.Dublin, IE"]
[Date "2026.08.04"]
[Round "4"]
[White "Healy, John"]
[Black "Doolin, Nemhain"]
[Result "1-0"]
[Board "86"]
[TimeControl "40/5400+30:1800+30"]
[WhiteFideId "2500965"]
[BlackFideId "2517230"]
[WhiteElo "1928"]
[BlackElo "1915"]
[WhiteClock "0:58:04"]
[BlackClock "0:14:42"]
[Variant "Standard"]
[EndDate "2026.08.04"]
[EndTime "17:47:58"]

1. e4 e6 2. d4 d5 3. e5 c5 4. Nf3 cxd4 5. Bd3 Nc6 6. O-O Nge7 7. Re1 Ng6 8. a3 Be7 9. g3 Qc7 10. Qe2 Bd7 11. Nbd2 Bc5 12. b4 Bb6 13. Bb2 O-O 14. b5 Na5 15. Nxd4 Bxd4 16. Bxd4 f5 17. f4 b6 18. Rab1 Rac8 19. Rb4 Ne7 20. a4 Nb7 21. Qe3 Nc5 22. Be2 Be8 23. Qa3 Bf7 24. Rb2 Rfd8 25. Ra1 Ne4 26. Qb4 Qb7 27. a5 Rc7 28. axb6 axb6 29. Ra6 Nc5 30. Bxc5 Rxc5 31. Nb3 Rc7 32. Nd4 g6 33. Rba2 Kg7 34. Bd3 Qb8 35. R2a4 Qb7 36. Qa3 Rb8 37. Qd6 Qc8 38. Rxb6 Rxb6 39. Qxb6 Rb7 40. Qa6 Qd7 41. Nc6 Nc8 42. Qa5 Nb6 43. Ra1 d4 44. Qb4 Qd5 45. Qxd4 Qxd4+ 46. Nxd4 Nd5 47. Rb1 Kf8 48. c4 Nc3 49. Rc1 Na4 50. Bc2 Nc5 51. Nb3 Nd7 52. Bd3 Ke7 53. c5 Nb8 54. c6 Rc7 55. Nd4 Nd7 56. Ra1 Nb6 57. Ra6 Nd5 58. b6 1-0

[Event "Irish Championship 2026"]
[Site "Talbot Hotel Stillorgan, Co.Dublin, IE"]
[Date "2026.08.05"]
[Round "5"]
[White "Campbell, Andrew"]
[Black "Doolin, Nemhain"]
[Result "0-1"]
[Board "87"]
[TimeControl "40/5400+30:1800+30"]
[WhiteFideId "2518392"]
[BlackFideId "2517230"]
[WhiteElo "1951"]
[BlackElo "1915"]
[WhiteClock "0:43:54"]
[BlackClock "0:39:06"]
[Variant "Standard"]
[EndDate "2026.08.05"]
[EndTime "17:25:24"]

1. d4 d5 2. Nc3 Nf6 3. Bf4 c5 4. e4 Nxe4 5. Nxe4 dxe4 6. dxc5 Qa5+ 7. c3 Qxc5 8. Qa4+ Nc6 9. Qxe4 g6 10. Nf3 Bg7 11. Rd1 O-O 12. Be2 Bf5 13. Qa4 Rfd8 14. O-O Qb6 15. Qa3 Bc2 16. Rc1 Bd3 17. Rfe1 Bxe2 18. Rxe2 Rd7 19. Rce1 Rad8 20. h3 Rd1 21. Kh2 Rxe1 22. Nxe1 Qb5 23. Rd2 Rxd2 24. Bxd2 Qe2 25. Nf3 Qxf2 26. Bf4 Qb6 27. b4 e5 28. Bg3 e4 29. Nd2 Qe3 30. Nc4 Qxc3 31. Qxc3 Bxc3 32. b5 Na5 33. Nxa5 Bxa5 34. Kg1 0-1

[Event "Irish Championship 2026"]
[Site "Talbot Hotel Stillorgan, Co.Dublin, IE"]
[Date "2026.08.06"]
[Round "6"]
[White "Collins, Adam"]
[Black "Tureshbayev, Anuar"]
[Result "1/2-1/2"]
[Board "61"]
[TimeControl "40/5400+30:1800+30"]
[WhiteFideId "2512300"]
[BlackFideId "651081709"]
[WhiteElo "2340"]
[BlackElo "2250"]
[WhiteTitle "FM"]
[BlackTitle "FM"]
[WhiteClock "0:08:10"]
[BlackClock "0:38:34"]
[Variant "Standard"]
[EndDate "2026.08.06"]
[EndTime "16:55:01"]

1. Nf3 Nf6 2. g3 b5 3. Bg2 Bb7 4. Na3 a6 5. c4 e5 6. cxb5 Bxa3 7. bxa3 axb5 8. O-O d6 9. Rb1 O-O 10. d3 c5 11. Rxb5 Bc6 12. Rb1 Nbd7 13. Ne1 Bxg2 14. Nxg2 Nb6 15. Qb3 Na4 16. Bg5 h6 17. Bxf6 Qxf6 18. Ne3 Qg5 19. Qc2 h5 20. h4 Qh6 21. Qc4 Qe6 22. Nd5 Rfb8 23. e4 Rxb1 24. Rxb1 g5 25. hxg5 Kg7 26. Rb7 h4 27. Ne3 Qxc4 28. Nxc4 hxg3 29. f3 Nc3 30. Kg2 Ne2 31. Rb2 Rh8 32. Rxe2 Rh2+ 33. Kf1 Rh1+ 34. Kg2 Rh2+ 1/2-1/2

[Event "Irish Championship 2026"]
[Site "Talbot Hotel Stillorgan, Co.Dublin, IE"]
[Date "2026.08.06"]
[Round "6"]
[White "Jacob Flynn"]
[Black "Jessel, Stephen"]
[Result "1/2-1/2"]
[Board "62"]
[TimeControl "40/5400+30:1800+30"]
[BlackFideId "628859"]
[WhiteElo "2289"]
[BlackElo "2364"]
[BlackTitle "FM"]
[WhiteClock "0:27:45"]
[BlackClock "0:25:16"]
[Variant "Standard"]
[EndDate "2026.08.06"]
[EndTime "17:50:15"]

1. e4 e6 2. d4 d5 3. e5 Bd7 4. Nf3 a6 5. Be2 Bb5 6. O-O Bxe2 7. Qxe2 Ne7 8. c3 Nf5 9. Rd1 h5 10. g3 Be7 11. h4 g6 12. a4 Kf8 13. b4 Kg7 14. a5 Nc6 15. Bf4 Qe8 16. Nbd2 Na7 17. Nb3 Nb5 18. Qd2 c6 19. Nc5 Rb8 20. Kf1 Qd8 21. Ng5 Nc7 22. Na4 Kg8 23. Ke2 Ne8 24. Rh1 Neg7 25. Nf3 Qe8 26. Ne1 Qd8 27. Nd3 Qe8 28. Ndc5 Qd8 29. Nb6 Qc7 30. Ncd7 Rd8 31. Nc5 Ne8 32. Rag1 Kf8 33. Kd1 Rh7 34. Rg2 Neg7 35. Rgh2 Kg8 36. Qe1 Ne8 37. f3 Kh8 38. Kc2 Kg8 39. g4 Nfg7 40. Qg3 Kh8 41. Nd3 Rb8 42. Nc5 Kg8 43. Qe1 Rd8 44. Qe3 Kh8 45. Bg5 Kg8 46. Bf4 Kf8 47. Bh6 Kg8 48. Bg5 Bxg5 49. hxg5 Kh8 1/2-1/2

[Event "Irish Championship 2026"]
[Site "Talbot Hotel Stillorgan, Co.Dublin, IE"]
[Date "2026.08.06"]
[Round "6"]
[White "Brozynski, Patryk"]
[Black "Venkatesan, Kavin"]
[Result "1/2-1/2"]
[Board "63"]
[TimeControl "40/5400+30:1800+30"]
[WhiteFideId "2512700"]
[BlackFideId "2512602"]
[WhiteElo "2224"]
[BlackElo "2297"]
[WhiteTitle "CM"]
[BlackTitle "FM"]
[WhiteClock "0:03:28"]
[BlackClock "0:01:08"]
[Variant "Standard"]
[EndDate "2026.08.06"]
[EndTime "17:36:37"]

1. e4 c5 2. Nf3 d6 3. d4 cxd4 4. Nxd4 Nf6 5. Nc3 Nc6 6. Bg5 e6 7. Qd3 Bd7 8. O-O-O a6 9. Nxc6 Bxc6 10. Be2 Be7 11. Bf4 Qb6 12. Bxd6 Bxd6 13. Qxd6 Qxf2 14. Bf3 Nd7 15. Rd4 Qh4 16. Rhd1 Qg5+ 17. Kb1 Qe5 18. Qa3 O-O-O 19. Qe7 Qf6 20. Qb4 Ne5 21. Be2 Rxd4 22. Rxd4 Rd8 23. a3 Rxd4 24. Qxd4 Nd7 25. Qd6 Qe5 26. Qe7 Qf6 27. Qd6 Qe5 28. Qe7 Qf4 29. Bd3 h6 30. g3 Qf6 31. Qd6 Qe5 32. Qe7 Qf6 33. Qd6 Qe5 34. Qe7 Qf6 1/2-1/2

[Event "Irish Championship 2026"]
[Site "Talbot Hotel Stillorgan, Co.Dublin, IE"]
[Date "2026.08.06"]
[Round "6"]
[White "Arun, Nitish"]
[Black "Melaugh, Shane"]
[Result "1/2-1/2"]
[Board "64"]
[TimeControl "40/5400+30:1800+30"]
[WhiteFideId "2524201"]
[BlackFideId "2509580"]
[WhiteElo "2175"]
[BlackElo "2157"]
[WhiteTitle "CM"]
[BlackTitle "FM"]
[WhiteClock "0:16:17"]
[BlackClock "0:37:11"]
[Variant "Standard"]
[EndDate "2026.08.06"]
[EndTime "18:16:06"]

1. d4 e6 2. c4 f5 3. g3 Nf6 4. Bg2 Be7 5. Nf3 Ne4 6. O-O d5 7. b3 Nc6 8. Ba3 Bf6 9. Bb2 h5 10. Nc3 h4 11. Rc1 hxg3 12. fxg3 Ne7 13. e3 c6 14. Qe2 a5 15. Ne5 Ng5 16. Nd3 Ng6 17. Kh1 Qe7 18. Nf4 Nxf4 19. exf4 Ne4 20. Nxe4 fxe4 21. Kg1 Bd7 22. Rcd1 a4 23. c5 b6 24. b4 Bc8 25. Rfe1 g6 26. a3 b5 27. Qf2 Ra7 28. Bc1 O-O 29. Qe3 Qh7 30. Rf1 Raf7 31. g4 Qh4 32. g5 Bd8 33. Qg3 Qh5 34. Be3 Bc7 35. Rd2 Bd7 36. Rdf2 Rh7 37. Re1 Kg7 38. Bf1 Qh4 39. Bg2 Rfh8 40. Qxh4 Rxh4 41. h3 e5 42. fxe5 Bxh3 43. Bxh3 Rxh3 44. Kf1 Bd8 45. Ke2 Rxe3+ 46. Kxe3 Bxg5+ 47. Ke2 Bh4 48. Ref1 Bxf2 49. Rxf2 Rf8 50. Rxf8 Kxf8 51. Kf2 Ke7 52. Kg3 Ke6 53. Kg4 g5 54. Kg3 Kf5 55. Kf2 g4 56. Kg3 e3 57. Kg2 Kg6 58. Kg3 Kf7 59. Kg2 Ke6 60. Kg3 Kf5 1/2-1/2